 Dungeon Crawl Stone Soup version 0.29.1-13-g9f3cf754e1 (webtiles) character file.

Game seed: 4486414527993031688

86 flickminster the Insei (level 4, -3/33 HPs)
             Began as a Demonspawn Transmuter on Feb 5, 2023.
             Slain by a river rat (7 damage)
             ... in a sewer.
             The game lasted 00:10:14 (2264 turns).

flickminster the Insei (Demonspawn Transmuter)      Turns: 2264, Time: 00:10:15

Health: -3/33      AC:  6    Str: 10    XL:     4   Next: 26%
Magic:  7/7        EV: 12    Int: 14    God:
Gold:   121        SH:  0    Dex: 16    Spells: 7/8 levels left

rFire   + . .      SeeInvis .     - Unarmed
rCold   . . .      Faith    .   (no shield)
rNeg    . . .      Spirit   .   q - +0 leather armour
rPois   .          Reflect  .   (no helmet)
rElec   .          Harm     .   (no cloak)
rCorr   .          Rampage  .   c - +0 pair of gloves
Will    .....                   (no boots)
Stlth   +.........              (no amulet)
HPRegen 0.11/turn               h - ring of protection from fire
MPRegen 0.20/turn               (no ring)

@: very slow
A: yellow scales 1, magic regeneration, weakness stinger 1
a: no special abilities


You were in a sewer.
You visited 1 branch of the dungeon, and saw 3 of its levels.
You also visited: Sewer.

You collected 121 gold pieces.

Inventory:

Hand Weapons
 d - a +0 dagger
Missiles
 s - 5 poisoned darts
Armour
 a - a +0 robe
 c - a +0 pair of gloves (worn)
 q - a +0 leather armour (worn)
Jewellery
 h - a ring of protection from fire (left hand)
 i - a ring of fire
Wands
 o - a wand of mindburst (15)
Scrolls
 e - a scroll of poison {unknown}
 j - a scroll of immolation {unknown}
 k - a scroll of vulnerability {unknown}
 m - 3 scrolls of identify {unknown}
 n - a scroll of fog {unknown}
Potions
 f - a potion of resistance {unknown}
 g - 2 potions of curing
 l - a potion of magic {unknown}
 p - a potion of mutation {unknown}
 r - a potion of invisibility {unknown}


   Skills:
 + Level 2.0 Fighting
 + Level 2.4 Dodging
 + Level 3.2 Unarmed Combat
 + Level 2.5 Spellcasting
 + Level 2.3 Transmutations


You had 7 spell levels left.
You knew the following spells:

 Your Spells              Type           Power      Damage    Failure   Level
a - Beastly Appendage     Tmut           16%        N/A       12%         1

Your spell library contained the following spells:

 Spells                   Type           Power      Damage    Failure   Level
 Wereblood                Tmut           8%         N/A       17%         2
 Spider Form              Tmut/Pois      5%         N/A       50%         3
 Ice Form                 Ice/Tmut       5%         N/A       88%         4
 Leda's Liquefaction      Hex/Erth       0%         N/A       97%         4
 Lee's Rapid Deconstruct  Erth           0%         3d5*      100%        5
 Statue Form              Tmut/Erth      3%         N/A       100%        6


Dungeon Overview and Level Annotations

Branches:
Dungeon (3/15)              Sewer (1/1)

Altars:

Shops:
D:2 *


Innate Abilities, Weirdness & Mutations

You are partially covered in yellow scales. (AC +2)
You regenerate magic rapidly.
You have a small tail.


Message History

You hit the river rat but do no damage.
You claw the river rat, but do no damage.
Your headbutt misses the river rat.
You punch the river rat, but do no damage.
Your horns disappear.
Your talons disappear.
The rat barely misses you. The river rat bites you. x2
* * * LOW HITPOINT WARNING * * *
You hit the river rat but do no damage.
The river rat is almost dead.
The rat misses you. The river rat barely misses you.
The river rat bites you but does no damage.
It was a potion of curing.
You feel better.
The rat splashes around in the water.
The river rat bites you.
* * * LOW HITPOINT WARNING * * *
The river rat bites you but does no damage.
Your unstable footing causes you to fumble your attack.
The rat bites you.
* * * LOW HITPOINT WARNING * * *
The river rat bites you but does no damage.
The river rat misses you.
Your unstable footing causes you to fumble your attack.
The rat splashes around in the water.
The river rat closely misses you.
The river rat bites you but does no damage.
Your unstable footing causes you to fumble your attack.
The rat bites you but does no damage. The river rat closely misses you.
The river rat twitches its whiskers.
The river rat bites you but does no damage.
Your unstable footing causes you to fumble your attack.
The rat bites you but does no damage. The river rat barely misses you.
The river rat bites you.
* * * LOW HITPOINT WARNING * * *
Your unstable footing causes you to fumble your attack.
The rat splashes around in the water.
Your unstable footing causes you to fumble your attack.
The river rat misses you. The river rat barely misses you.
The rat splashes around in the water.
You hit the river rat.
You kill the river rat!
The river rat bites you!
You die...

##################### #
#....≈≈≈≈≈≈≈≈≈≈≈≈≈≈≈#.###
....~≈≈≈≈≈≈≈.≈≈≈≈≈≈≈....#
..∩..~~≈≈≈#~~~≈≈≈≈≈≈r....
..∩..≈≈~~~~≈≈≈~~@rrrr....
.....≈≈≈≈≈≈≈≈≈.≈≈r≈≈r....
#....≈≈≈≈≈≈≈≈≈≈≈≈≈≈≈.....
######################...
.. .


You could see a river rat and 6 rats.

Vanquished Creatures
  2 river rats (Sewer)
  5 adders
  3 bats
  3 endoplasms
  2 giant cockroaches
  4 goblins
  2 hobgoblins (D:2)
  3 kobolds
  5 ball pythons
  5 frilled lizards
  3 rats (D:1)
37 creatures vanquished.

Notes
Turn   | Place    | Note
-------+----------+-------------------------------------------
     0 | D:1      | flickminster the Demonspawn Transmuter began the quest for
                  | the Orb.
     0 | D:1      | Reached XP level 1. HP: 15/15 MP: 3/3
   328 | D:1      | Gained mutation: You have a small tail. [demonic ancestry]
   328 | D:1      | Reached XP level 2. HP: 10/21 MP: 1/5
  1017 | D:2      | Found Boc Guoda's Assorted Antiques.
  1325 | D:2      | Reached skill level 3 in Unarmed Combat
  1325 | D:2      | Gained mutation: You are partially covered in yellow
                  | scales. (AC +2) [demonic ancestry]
  1325 | D:2      | Reached XP level 3. HP: 26/26 MP: 4/6
  1838 | D:3      | Found a glowing drain.
  1875 | D:3      | Gained mutation: You regenerate magic rapidly. [demonic
                  | ancestry]
  1875 | D:3      | Reached XP level 4. HP: 5/33 MP: 7/7
  1941 | Sewer    | Entered a sewer
  2264 | Sewer    | Slain by a river rat

Illustrated notes

Levels and vault maps discovered:
D:1:      evilmike_arrival_rings, layout_rooms, kennysheep_crisscross
D:2:      layout_basic, serial_shops, shop
D:3:      layout_loops_cross, gup_sewer_entry_glass
Sewer:    sewer_minmay_w

Skill      XL: |  1  2  3  4 |
---------------+-------------+-----
Transmutations | 2 |  2.3
Dodging        | 2 |  2.4
Unarmed Combat | 3 |  3.2
Fighting       | 2 |  2.0
Spellcasting   | |  2.5

Action                   |  1- 3 |  4- 6 || total
-------------------------+-------+-------++-------
Melee: Unarmed           |    76 |    27 ||   103
       Kick              |    14 |     4 ||    18
       Headbutt          |     5 |     1 ||     6
       Tailslap          |     9 |       ||     9
       Punch             |     1 |     1 ||     2
 Cast: Beastly Appendage |    13 |     2 ||    15
  Use: Potion            |     1 |     1 ||     2
 Stab: Sleeping          |     2 |       ||     2
Armor: Robe              |    15 |       ||    15
       Leather armour    |    12 |    11 ||    23
       Skin              |     8 |       ||     8
Dodge: Dodged            |    68 |    27 ||    95
